 Dungeon Crawl Stone Soup version 0.28.0-43-g3370ac3207 (webtiles) character file.

Game seed: 9797063252079814686

8152 smarlow the Thaumaturge (level 11, -5/81 HPs)
             Began as a Djinni Conjurer on Mar 5, 2022.
             Was a Believer of Makhleb.
             Engulfed by an ice statue's freezing vapour (33 damage)
             ... on level 10 of the Dungeon.
             The game lasted 00:27:39 (13935 turns).

smarlow the Thaumaturge (Djinni Conjurer)          Turns: 13935, Time: 00:27:40

Health: -5/81      AC:  2    Str:  8    XL:     11   Next: 50%
Gold:   648        EV: 15    Int: 24    God:    Makhleb [**....] SH:  0 Dex: 14

rFire   + + .      SeeInvis .   A - +4 falchion (freeze)
rCold   x . .      Faith    .   (no shield)
rNeg    . . .      Spirit   .   a - +0 robe
rPois   ∞          Reflect  .   (no helmet)
rElec   .          Harm     .   (no cloak)
rCorr   .          Rampage  .   (no gloves)
Will    ++...      Rage     1%  (boots unavailable)
Stlth   +++.......              (no amulet)
HPRegen 0.23/turn               B - ring of willpower
MPRegen 0.00/turn               (no ring)

@: flying, unable to read
A: sickness immunity, fire resistance 2, cold vulnerability 1, float, innate
caster, HP casting, extra vitality 1, agile 1, berserk 1, strong 1, inability to
read while threatened
a: Renounce Religion, Minor Destruction


You were on level 10 of the Dungeon.
You worshipped Makhleb.
Makhleb was pleased with you.
You visited 2 branches of the dungeon, and saw 12 of its levels.

You collected 648 gold pieces.

Inventory:

Hand Weapons
 t - a +2 falchion of flaming
 A - a +4 falchion of freezing (weapon)
Missiles
 k - 7 throwing nets
Armour
 a - a +0 robe (worn)
Jewellery
 B - a ring of willpower (left hand)
Wands
 j - a wand of digging (5)
 r - a wand of flame (27)
 s - a wand of acid (10)
 x - a wand of polymorph (5)
Scrolls
 d - 3 scrolls of identify
 g - 4 scrolls of teleportation
 l - 4 scrolls of magic mapping {unknown}
 m - a scroll of vulnerability {unknown}
 n - a scroll of brand weapon {unknown}
 p - 2 scrolls of fear {unknown}
 q - 2 scrolls of enchant weapon {unknown}
 v - a scroll of silence {unknown}
 w - 2 scrolls of fog {unknown}
 y - a scroll of torment {unknown}
Potions
 b - a potion of curing
 c - 3 potions of might
 e - 2 potions of brilliance
 f - 2 potions of degeneration {unknown}
 h - a potion of invisibility
 i - a potion of haste
 o - a potion of berserk rage
 u - 2 potions of ambrosia {unknown}
 z - 3 potions of lignification {unknown}
 C - a potion of resistance {unknown}


   Skills:
 * Level 7.9 Fighting
 + Level 5.5 Armour
 + Level 6.5 Dodging
 + Level 5.3 Stealth
 * Level 9.7 Spellcasting


You had 2 spell levels left.
You knew the following spells:

 Your Spells              Type           Power      Damage    Failure   Level
a - Magic Dart            Conj           100%       1d8       1%          1
b - Searing Ray           Conj           100%       2d8       1%          2
c - Dazzling Flash        Conj/Hex       100%       N/A       1%          3
d - Fulminant Prism       Conj/Hex       27%        3d14      1%          4
e - Iskenderun's Mystic   Conj/Tloc      55%        2d12      1%          4
f - Shock                 Conj/Air       100%       1d9       1%          1
g - Static Discharge      Conj/Air       55%        N/A       1%          2
h - Tukima's Dance        Hex            55%        N/A       1%          3
i - Portal Projectile     Hex/Tloc       100%       N/A       1%          3
j - Summon Lightning Spi  Summ/Air       55%        N/A       1%          4
Your spell library was empty.

Dungeon Overview and Level Annotations

Branches:
Dungeon (11/15)            Temple (1/1) D:4             Orc (0/2) D:11
   Lair: D:8-11

Altars:
Ashenzari
Cheibriados
Dithmenos
Elyvilon
Fedhas
Gozag
Hepliaklqana
Kikubaaqudgha
Makhleb
Nemelex Xobeh
Okawaru
Qazlal
Ru
Sif Muna
Trog
Uskayaw
Vehumet
Wu Jian
Xom
Yredelemnul
Zin
The Shining One

Shops:
D:9 (   D:11 (

Annotations:
D:8 2 transporters, Snicker's ghost, weakling DsDe
D:9 Psyche
D:10 exclusion: ice statue


Innate Abilities, Weirdness & Mutations

You are immune to sickness and miasma.
You are immune to poison.
Your flesh is very heat resistant. (rF++)
You are vulnerable to cold. (rC-)
You float through the air rather than walking.
You learn spells naturally, not from books.
Your magical power is your life essence.
You have superior vitality. (+4 MHP)
You are agile. (Dex +2)
You tend to lose your temper in combat.
Your muscles are strong. (Str +2)
You sometimes lose the ability to read scrolls when taking damage.


Message History

Casting: Fulminant Prism (mildly dangerous; 1% risk of failure)
Confirm with . or Enter, or press ? or * to list all spells.
Aiming: Fulminant Prism (mildly dangerous; 1% risk of failure)
Press: ? - help, Dir - move target You conjure a prism of explosive energy!
A fulminant prism comes into view.
Your lightning spire shoots out a bolt of lightning at the ice statue!
The bolt of electricity hits the ice statue.
The ice statue completely resists.
Casting: Fulminant Prism (mildly dangerous; 1% risk of failure)
Confirm with . or Enter, or press ? or * to list all spells.
Aiming: Fulminant Prism (mildly dangerous; 1% risk of failure)
Press: ? - help, Dir - move target You conjure a prism of explosive energy!
A fulminant prism comes into view.
The ice statue gestures at you. The freezing blast misses you.
Your fulminant prism crackles loudly.
Your lightning spire shoots out a bolt of lightning at the ice statue!
The bolt of electricity hits the ice statue.
The ice statue resists.
Casting: Fulminant Prism (mildly dangerous; 1% risk of failure)
Confirm with . or Enter, or press ? or * to list all spells.
Aiming: Shock (safe; 1% risk of failure)
Press: ? - help, Shift-Dir - straight line, f - ice statue
Aim: an ice statue (heavily damaged, ally target, 100% to hit)
The zap hits the ice statue.
The ice statue completely resists.
The ice statue is heavily damaged.
You are engulfed in freezing vapours.
You feel threatened and lose the ability to read scrolls!
* * * LOW HITPOINT WARNING * * *
Your fulminant prism crackles loudly.
Your fulminant prism explodes!
The blast of energy engulfs the ice statue!!
The ice statue is almost destroyed.
Your lightning spire shoots out a bolt of lightning at the ice statue!
The bolt of electricity hits the ice statue.
The ice statue resists.
You feel better.
You are engulfed in freezing vapours.
You die...

#.................#..#
#.................#..#
#+.....?.....######### #
#......8.............. #
########.......*....##..##..#
#
#.......................##..#
#
#............................
#
#..#####...☼☼§......##'##....
## ##..#
#..○@§8.........#.#..
.###..##
#.○☼§☼#.#>......#.#.. ..##..#
#.#...#.#.......#.#.. .....##
#.......#########.... #...##
#.................... ...##
##....>..########..... ..##
#'..##...#≈≈≈≈≈#...... .##
##.......#≈...≈#...... ##
#.....#'##≈...≈##.....


You could see an ice statue (ally target), a friendly lightning spire (summoned)
and a friendly fulminant prism.

Vanquished Creatures
  Harold (D:10)
  A two-headed ogre (D:5)
  An unseen horror (D:9)
  A troll (D:10)
  3 slime creatures (D:10)
  Sigmund (D:6)
  A wraith (D:11)
  Eustachio (D:4)
  2 wyverns
  2 steam dragons
  An acid dragon (D:10)
  2 water moccasins
  A sky beast (D:8)
  2 black bears (D:4)
  2 necrophages
  4 ogres
  5 orc warriors
  4 centaurs
  A rime drake zombie (D:9)
  A kobold brigand (D:9)
  Blork the orc (D:5)
  4 bullfrogs
  A wyvern zombie (D:7)
  A scorpion (D:7)
  A water moccasin skeleton (D:5)
  3 killer bees (D:9)
  21 wights
  2 electric eels (D:10)
  A howler monkey (D:7)
  2 centaur zombies
  A hound (D:6)
  3 orc priests
  A centaur skeleton (D:6)
  A gnoll shaman (D:5)
  A jelly (D:6)
  A bullfrog skeleton (D:7)
  3 iguanas
  9 orc wizards
  2 howler monkey zombies (D:8)
  5 gnolls (D:5)
  2 adders
  A howler monkey skeleton (D:6)
  A shadow imp (D:5)
  2 white imps
  2 ufetubi
  An adder skeleton (D:4)
  2 worms
  4 dart slugs
  39 orcs
  4 bats
  6 endoplasms
  3 giant cockroaches
  6 goblins
  4 hobgoblins
  9 kobolds
  A quokka (D:2)
  10 ball pythons
  A frilled lizard (D:1)
  4 rats
203 creatures vanquished.

Vanquished Creatures (collateral kills)
  A wight (D:10)
1 creature vanquished.

Vanquished Creatures (others)
  36 fulminant prisms
  17 plants (D:6)
53 creatures vanquished.

Grand Total: 257 creatures vanquished

Notes
Turn   | Place    | Note
-------+----------+-------------------------------------------
     0 | D:1      | smarlow the Djinni Conjurer began the quest for the Orb.
     0 | D:1      | Reached XP level 1. HP: 15/15 MP: 0/0
   245 | D:1      | Reached XP level 2. HP: 15/21 MP: 0/0
   885 | D:2      | Reached XP level 3. HP: 22/25 MP: 0/0
   885 | D:2      | Learned a level 1 spell: Shock
  1206 | D:2      | Reached skill level 4 in Spellcasting
  1572 | D:2      | Reached XP level 4. HP: 28/31 MP: 0/0
  2715 | D:4      | Found a bloodstained altar of Trog.
  2715 | D:4      | Noticed a black bear
  2715 | D:4      | Noticed a black bear
  2732 | D:4      | Killed a black bear
  2733 | D:4      | Reached skill level 5 in Spellcasting
  2733 | D:4      | Reached XP level 5. HP: 20/35 MP: 0/0
  2733 | D:4      | Learned a level 2 spell: Static Discharge
  2881 | D:4      | Killed a black bear
  2882 | D:4      | Reached XP level 6. HP: 28/40 MP: 0/0
  2970 | D:4      | Found a staircase to the Ecumenical Temple.
  2977 | D:4      | Noticed a necrophage
  2980 | Temple   | Entered the Ecumenical Temple
  3184 | Temple   | Became a worshipper of Makhleb the Destroyer
  3204 | D:4      | Killed a necrophage
  3205 | D:4      | Reached skill level 6 in Spellcasting
  3421 | D:4      | Found a blossoming altar of Fedhas.
  3814 | D:4      | Noticed Eustachio
  4279 | D:4      | Killed Eustachio
  4280 | D:4      | Reached XP level 7. HP: 20/45 MP: 0/0
  4280 | D:4      | Learned a level 3 spell: Tukima's Dance
  4624 | D:5      | Entered Level 5 of the Dungeon
  4625 | D:5      | Noticed Blork the orc
  4921 | D:5      | Reached skill level 7 in Spellcasting
  5098 | D:5      | Found a sparkling altar of Nemelex Xobeh.
  5162 | D:5      | Reached XP level 8. HP: 45/50 MP: 0/0
  5487 | D:5      | Killed Blork the orc
  5595 | D:5      | Reached skill level 1 in Fighting
  5601 | D:5      | Reached skill level 1 in Armour
  5889 | D:5      | Noticed a two-headed ogre
  5902 | D:5      | Killed a two-headed ogre
  5903 | D:5      | Reached skill level 8 in Spellcasting
  5903 | D:5      | Reached XP level 9. HP: 35/61 MP: 0/0
  5903 | D:5      | Learned a level 3 spell: Portal Projectile
  6121 | D:5      | Found a sacrificial altar of Ru.
  6711 | D:6      | Found an iron altar of Okawaru.
  6767 | D:6      | Reached * piety under Makhleb
  7022 | D:6      | Found a basalt altar of Yredelemnul.
  7350 | D:6      | Noticed Sigmund
  7354 | D:6      | Killed Sigmund
  7668 | D:6      | Found a snail-covered altar of Cheibriados.
  7708 | D:6      | Gained mutation: You have a somewhat thin skeletal
                  | structure. (Dex +2, Stealth+) [potion of mutation]
  7709 | D:6      | Lost mutation: You have a somewhat thin skeletal structure.
                  | (Dex +2, Stealth+) [potion of mutation]
  7709 | D:6      | Gained mutation: You tend to lose your temper in combat.
                  | [potion of mutation]
  7709 | D:6      | Gained mutation: You sometimes lose the ability to read
                  | scrolls when taking damage. [potion of mutation]
  7709 | D:6      | Gained mutation: You are agile. (Dex +2) [potion of
                  | mutation]
  7709 | D:6      | Gained mutation: Your muscles are strong. (Str +2) [potion
                  | of mutation]
  8105 | D:7      | Reached skill level 5 in Fighting
  8105 | D:7      | Reached XP level 10. HP: 51/70 MP: 0/0
  8611 | D:7      | Reached skill level 5 in Dodging
  8807 | D:7      | Found a glowing golden altar of the Shining One.
  9083 | D:8      | Reached ** piety under Makhleb
  9382 | D:8      | Found a transporter.
  9798 | D:8      | Noticed Snicker's ghost (weakling DsDe)
  9801 | D:8      | Found a bloodstained altar of Trog.
  9808 | D:8      | Noticed a moth of wrath
  9817 | D:8      | Found a transporter.
 10182 | D:9      | Noticed Psyche
 10307 | D:9      | Reached skill level 9 in Spellcasting
 10836 | D:9      | Killed an unseen horror
 11350 | D:9      | Found Utuifis's Weapon Shoppe.
 11533 | D:10     | Entered Level 10 of the Dungeon
 11853 | D:10     | Noticed an ice statue
 11936 | D:10     | Reached XP level 11. HP: 57/78 MP: 0/0
 11936 | D:10     | Learned a level 4 spell: Summon Lightning Spire
 12259 | D:10     | Reached skill level 5 in Armour
 12275 | D:10     | Reached skill level 5 in Stealth
 12398 | D:10     | Found a shimmering altar of Xom.
 13215 | D:10     | Noticed Harold
 13244 | D:10     | Killed Harold
 13697 | D:11     | Found Viloubiu's Weapon Emporium.
 13697 | D:11     | Found a staircase to the Orcish Mines.
 13714 | D:11     | Noticed a sun demon
 13935 | D:10     | Engulfed by an ice statue's freezing vapour

Illustrated notes

Levels and vault maps discovered:
D:1:      dpeg_arrival_rhombi, layout_basic, minmay_crystal_water,
          minmay_shallow_snake_nest
D:2:      layout_basic, minivault_25, minmay_unequal
D:3:      layout_loops_ring
D:4:      layout_basic, trog_ov_bears_minmay, mainiacjoe_overflow_catwalk,
          minmay_temple_entry_tees, uniq_eustachio
D:5:      lemuel_ice_spiral_2, layout_basic, mainiacjoe_overflow_chevrons,
          hangedman_ru_absence, uniq_blork_the_orc
D:6:      layout_loops_corners, okawaru_ov_weapons_minmay,
          yredelemnul_altar_generic, slow_altar_2, serial_bayou,
          serial_bayou_shore_b, serial_bayou_pond_d, serial_bayou_crossing,
          serial_bayou_pond_c, uniq_sigmund
D:7:      layout_basic, tso_altar
D:8:      layout_loops_ring, gammafunk_ghost_wrathful_warriors
D:9:      layout_basic, serial_shops, nicolae_shop_bloodbath_and_beyond,
          uniq_psyche
D:10:     layout_stronghold, kennysheep_little_box, minivault_16,
          mrwooster_statue_mirror, dk_noncrumbling_3, kennysheep_small_spiral,
          nicolae_sextant, kennysheep_minor_cross, uniq_harold
D:11:     layout_basic, grunt_lair_entry_orc_guard_hut, orc_david_3,
          serial_shops, nicolae_square_shop, minmay_splitting_lines,
          onia_ninara_cookie
Temple:   nicolae_temple_figure_eight

Skill      XL: |  1  2  3  4  5  6  7  8  9 10 11 |
---------------+----------------------------------+-----
Spellcasting   | 4 5 6 7 8 9 |  9.7
Fighting       | 3 5 6 7 |  7.9
Armour         | 2 3 4 5 |  5.5
Stealth        | 2 3 4 5 |  5.3
Dodging        | 3 4 5 6 |  6.5

Action                   |  1- 3 |  4- 6 |  7- 9 | 10-12 || total
-------------------------+-------+-------+-------+-------++-------
Melee: Falchion          |       |       |     1 |     3 ||     4
 Cast: Magic Dart        |    56 |    51 |   106 |   169 ||   382
       Searing Ray       |       |     4 |     5 |    13 ||    22
       Iskenderun's Myst |       |     4 |    33 |    71 ||   108
       Fulminant Prism   |       |     8 |     9 |    20 ||    37
       Shock             |       |       |     1 |     2 ||     3
       Summon Lightning  |       |       |       |     8 ||     8
       Tukima's Dance    |       |       |       |     3 ||     3
  Use: Scroll            |       |     3 |     2 |     2 ||     7
       Potion            |       |     2 |     2 |     2 ||     6
Armor: Robe              |       |       |       |     4 ||     4
Dodge: Dodged            |     1 |     3 |     2 |    17 ||    23
